 Dungeon Crawl Stone Soup version 0.26.0-8-g74fc34ddfb (webtiles) character file.

Game seed: 8817437102693491860

12 Froggeryz the Ducker (level 2, -2/14 HPs)
             Began as a Felid Berserker on Jan 12, 2021.
             Was a Follower of Trog.
             Slain by a hobgoblin
             ... wielding a +0 club
              (5 damage)
             ... on level 2 of the Dungeon.
             The game lasted 00:00:22 (81 turns).

Froggeryz the Ducker (Felid Berserker)                Turns: 81, Time: 00:00:23

Health: -2/14      AC:  3    Str: 13    XL:     2   Next: 20%
Magic:  3/3        EV: 19    Int:  8    God:    Trog [*.....]
Gold:   0          SH:  0    Dex: 15    Spells: 1/1 levels left
                                        Lives:  0   Deaths: 0

rFire    . . .     SeeInvis +     - Unarmed
rCold    . . .     Faith    .   (shield unavailable)
rNeg     . . .     Spirit   .   (armour unavailable)
rPois    .         Reflect  .   (helmet unavailable)
rElec    .         Harm     .   (cloak unavailable)
rCorr    .         Rampage  .   (gloves unavailable)
Will     .....                  (boots unavailable)
Stlth    ++........             (no amulet)
HPRegen  0.04/turn              (no ring)
MPRegen  0.08/turn              (no ring)

@: berserk cooldown, slowed, slow
A: very small, no armour, no weapons or thrown items, stealth, claws 1, fangs 3,
thin metallic scales 1, see invisible, deterioration 1, speed 1, shaggy fur 1,
sharp paws
a: Renounce Religion, Berserk


You were on level 2 of the Dungeon.
You worshipped Trog.
Trog was aware of your devotion.
You visited 1 branch of the dungeon, and saw 2 of its levels.

You aren't carrying anything.


   Skills:
 + Level 3.1 Fighting
 + Level 4.2 Dodging
 * Level 3.3 Unarmed Combat


You had one spell level left.
You didn't know any spells.
Your spell library was empty.

Dungeon Overview and Level Annotations

Branches:
Dungeon (1/15)

Altars:

Annotations:
D:2 Jessica


Innate Abilities, Weirdness & Mutations

You cannot wear armour.
You are incapable of wielding weapons or throwing items.
Your paws allow you to move quietly. (Stealth)
You have sharp claws.
You have razor-sharp teeth.
You have supernaturally acute eyesight. (SInv)
You cover ground quickly.
You are covered in fur. (AC +1)
Your sharp claws are effective at attacking unaware monsters.
You are partially covered in thin metallic scales. (AC +2)
Your body sometimes deteriorates upon taking damage.


Message History

You scratch Jessica.
Jessica is moderately wounded.
The hobgoblin completely misses you.
The jackal splashes around in the water.
Jessica hits you with a +0 dagger. The hobgoblin closely misses you.
The jackal misses you.
You closely miss Jessica.
Jessica is moderately wounded.
The jackal bites you but does no damage.
The jackal misses you. The jackal barely misses you. The jackal bites you.
* * * LOW HITPOINT WARNING * * *
The jackal closely misses you. Jessica barely misses you.
The hobgoblin misses you. The jackal misses you.
The jackal completely misses you.
You scratch Jessica.
Jessica is heavily wounded.
The jackal closely misses you. Jessica misses you.
The jackal bites you but does no damage.
The hobgoblin hits you with a +0 club.
You die...

##### #.#.####......#
##≈≈≈≈####...$.......@
##≈≈≈≈≈≈###..###.....#
......≈≈.............#
.......≈≈....#########
...≈≈....≈...#
..≈..≈≈..≈.†.#
..≈...hh≈.)..#
...≈≈⌠g@.....#
....⌠≈h@.....#
.≈≈....≈.....#
≈..≈≈..≈.....#
≈....≈≈......#
.≈≈..........#
..≈≈...........
##≈≈≈≈≈≈###.###


You could see Jessica, 3 jackals and a hobgoblin.

Vanquished Creatures
  An adder (D:2)
  2 hobgoblins (D:2)
  A bat (D:2)
4 creatures vanquished.

Notes
Turn   | Place    | Note
-------+----------+-------------------------------------------
     0 | D:1      | Froggeryz the Felid Berserker began the quest for the Orb.
     0 | D:1      | Reached XP level 1. HP: 10/10 MP: 2/2
    31 | D:1      | You fall into a shaft and drop 1 floor!
    51 | D:2      | Noticed Jessica
    67 | D:2      | Reached XP level 2. HP: 14/14 MP: 3/3
    78 | D:2      | Gained mutation: Your body sometimes deteriorates upon
                  | taking damage. [potion of mutation]
    78 | D:2      | Gained mutation: You are partially covered in thin metallic
                  | scales. (AC +2) [potion of mutation]
    81 | D:2      | Slain by a hobgoblin

Illustrated notes

Levels and vault maps discovered:
D:1:      evilmike_arrival_fibonacci_small, layout_basic
D:2:      cheibrodos_helix_gallery, layout_loops_ring,
          gammafunk_temple_overflow_pools, makhleb_blood_cavern_becter,
          uniq_terence, uniq_jessica

Action                   || total
-------------------------++-------
Melee: Unarmed           ||    11
       Bite              ||     2
Invok: Berserk           ||     1
  Use: Potion            ||     1
Armor: Skin              ||     4
Dodge: Dodged            ||    24
